 Dungeon Crawl Stone Soup version 0.31.0-9-g3a7656b989 (webtiles) character file.

Game seed: 10595491201602120552

166 qw the Shooter (level 5, -5/26 HPs)
             Began as a Spriggan Hunter on Feb 2, 2024.
             Slain by an ogre
             ... wielding a +0 giant club
              (22 damage)
             ... on level 3 of the Dungeon.
             The game lasted 00:00:11 (2304 turns).

qw the Shooter (Spriggan Hunter)                    Turns: 2304, Time: 00:00:12

Health: -5/26      AC:  2    Str:  7    XL:     5   Next: 22%
Magic:  6/6        EV: 20    Int: 11    God:
Gold:   179        SH:  0    Dex: 20    Spells: 4/4 levels left

rFire   . . .        a - +0 shortbow
rCold   . . .        (shield currently unavailable)
rNeg    . . .        c - +0 robe
rPois   .            (helmet restricted)
rElec   .            (no cloak)
rCorr   .            (gloves unavailable)
SInv    +            (boots unavailable)
Will    .....        (no amulet)
Stlth   ++           (no ring)
HPRegen 0.24/turn    (no ring)
MPRegen 0.10/turn

%: no passive effects
@: hasted, very quick
A: very small, no large weapons, unfitting armour, see invisible, speed 3
a: no special abilities


You were on level 3 of the Dungeon.
You visited 1 branch of the dungeon, and saw 4 of its levels.

You collected 179 gold pieces.


Innate Abilities, Weirdness & Mutations

You are very small and have problems with some larger weapons.
You are too small for most types of armour.
You have supernaturally acute eyesight. (SInv)
You cover ground extremely quickly. (Speed+++)


   Skills:
 - Level 2.0 Fighting
 + Level 5.5 Ranged Weapons
 - Level 5.0 Dodging
 - Level 1.5 Stealth


You had 4 spell levels left.
You didn't know any spells.
Your spell library was empty.

Inventory:

Hand Weapons
 a - a +0 shortbow (weapon)
Armour
 c - a +0 robe (worn)
Scrolls
 i - a scroll of teleportation
Potions
 b - a potion of ambrosia {unknown}
 d - a potion of lignification {unknown}
 e - a potion of heal wounds {unknown}
 f - a potion of resistance
 g - a potion of magic {unknown}
 j - a potion of cancellation {unknown}
 l - a potion of curing {unknown}
 n - a potion of degeneration {unknown}
 o - a potion of invisibility {unknown}

Dungeon Overview and Level Annotations

Branches:
Dungeon (4/15)
 Temple: D:4-7

Altars:
Ru
Vehumet
Zin
The Shining One


Message History

2174 ||| Stepping ~*~*~tactically~*~*~ (cloud).
You feel sick.
You see here 2 scrolls of poison.
You start resting.
You feel sick. x11
You are no longer poisoned.
Your extra speed is starting to run out.
You feel yourself slow down.
HP restored.
There is a stone staircase leading down here.
Done exploring.
What level of the Dungeon? (default 4, ? - help)
You climb downwards.
The ogre shouts!
The endoplasm quivers.
Found a bardiche.
There is a stone staircase leading up here.
There are monsters nearby!
Waypoint 3 assigned to D:4.
2294 ||| DRINKING potion of haste.
You feel yourself speed up.
You shoot an arrow. The arrow barely misses the endoplasm.
You shoot an arrow. The arrow hits the ribbon worm!
The ribbon worm is heavily wounded.
The ribbon worm expels a string of sticky webbing.
The stream of webbing misses you.
2297 ||| STAIRDANCE The endoplasm misses you.
You climb upwards.
There is a stone staircase leading down here.
You shoot an arrow. The arrow hits the endoplasm!
You kill the endoplasm!
You climb downwards.
The ogre hits you with a +0 giant club!
There is a stone staircase leading up here.
2302 ||| STAIRDANCE You climb upwards.
There is a stone staircase leading down here.
You shoot an arrow. The arrow completely misses the ogre.
The ogre hits you with a +0 giant club!!
Ouch! That really hurt!
You die...

<#####.##.###.#....#
.# #.##.# #.#....# .#
#.##.# #.#..).# .#
#..#.###.#.##.# .#
##.#...>......## ##
#.#####.#.....#
#######(# #.#..##.#
....?##.# #.#..##.#
.###.##.# #.#O@##.#
..##.##.#####.#..##.#
#.######.........##.#
.......##.....#.###.#
#.####.#...####.# #.#
# .....#.#.#......#
#.# #
#.##.#.#...###### #.#
# ...#.#.##.##
#.########
._........#
#........######


You could see an ogre.

Vanquished Creatures
  An orc priest (D:3)
  3 gnolls
  An adder (D:2)
  6 dart slugs
  2 ribbon worms
  3 orcs (D:3)
  8 ball pythons
  7 endoplasms
  7 giant cockroaches
  6 goblins
  6 hobgoblins
  2 jackals (D:3)
  4 quokkas
  3 bats
  4 frilled lizards
  8 kobolds
  3 rats
74 creatures vanquished.

Notes
Turn   | Place    | Note
-------+----------+-------------------------------------------
     0 | D:1      | qw the Spriggan Hunter began the quest for the Orb.
     0 | D:1      | Reached XP level 1. HP: 10/10 MP: 2/2
     0 | D:1      | 0 ||| qw: Version: 0.3-a-155-g5e7d8dd
     0 | D:1      | 0 ||| qw: Game counter: 1850
     0 | D:1      | 0 ||| qw: Melee chars always use a shield: true
     0 | D:1      | 0 ||| qw: God list: Okawaru
     0 | D:1      | 0 ||| qw: Allow faded altars: false
     0 | D:1      | 0 ||| qw: Do Orc after clearing Dungeon:15 true
     0 | D:1      | 0 ||| qw: Do second Lair branch before Depths: true
     0 | D:1      | 0 ||| qw: Lair rune preference: random
     0 | D:1      | 0 ||| qw: Goals: Normal
     0 | D:1      | 0 ||| PLANNING D:1-11
    24 | D:1      | Reached skill level 3 in Dodging
   104 | D:1      | Reached XP level 2. HP: 14/14 MP: 3/3
   332 | D:1      | Reached XP level 3. HP: 18/18 MP: 4/4
   550 | D:1      | 550 ||| READING scroll labelled HUNO QUELI.
   551 | D:1      | 551 ||| READING scroll labelled OGHAME KOUSASM.
   554 | D:1      | 554 ||| READING scroll labelled XOCVECLAEPT.
   588 | D:1      | 588 ||| DROPPING scroll of butterflies.
   906 | D:2      | Reached XP level 4. HP: 17/22 MP: 5/5
  1062 | D:2      | 1062 ||| FLEEEEING.
  1064 | D:2      | 1064 ||| FLEEEEING.
  1065 | D:2      | 1065 ||| FLEEEEING.
  1067 | D:2      | 1067 ||| FLEEEEING.
  1148 | D:2      | 1148 ||| READING scroll labelled INGAXO YRHE.
  1149 | D:2      | 1149 ||| DRINKING 2 ruby potions.
  1158 | D:3      | 1158 ||| STAIRDANCE
  1233 | D:3      | Found a glowing silver altar of Zin.
  1339 | D:3      | Found a radiant altar of Vehumet.
  1527 | D:3      | Found a sacrificial altar of Ru.
  1541 | D:3      | Reached XP level 5. HP: 24/26 MP: 6/6
  1547 | D:3      | HP: 6/26 [frozen (3)]
  1548 | D:3      | 1548 ||| READING 2 scrolls of teleportation.
  1551 | D:3      | 1551 ||| FLEEEEING.
  1552 | D:3      | 1552 ||| FLEEEEING.
  1992 | D:3      | Found a glowing golden altar of the Shining One.
  2169 | D:3      | 2169 ||| READING 3 scrolls labelled HUINKA ZADA.
  2170 | D:3      | 2170 ||| READING scroll labelled RUCHYU XOESTRE.
  2171 | D:3      | 2171 ||| DRINKING 2 black potions.
  2172 | D:3      | 2172 ||| DROPPING 2 scrolls of poison.
  2174 | D:3      | 2174 ||| Stepping ~*~*~tactically~*~*~ (cloud).
  2293 | D:4      | Noticed an ogre
  2294 | D:4      | 2294 ||| DRINKING potion of haste.
  2297 | D:4      | 2297 ||| STAIRDANCE
  2302 | D:4      | 2302 ||| STAIRDANCE
  2304 | D:3      | Slain by an ogre

Levels and vault maps discovered:
D:1:      amcnicky_arrival_blooded_trapdoor, layout_rooms
D:2:      minmay_wonky_spiral, layout_rooms
D:3:      layout_loops_ring, mainiacjoe_overflow_small_starburst,
          mainiacjoe_overflow_catwalk, nicolae_ru_sacrificial_ziggurat,
          old_standard_altar, chequers_jeans
D:4:      minmay_chambers_of_twos, layout_rooms

Skill      XL: |  1  2  3  4 |
---------------+-------------+-----
Dodging        | 3 4 5 |  5.0
Ranged Weapons | 5 |  5.5
Fighting       | 2 |  2.0
Stealth        | |  1.5

Action                     |  1- 3 |  4- 6 || total
---------------------------+-------+-------++-------
   Fire: Shortbow          |   133 |   111 ||   244
    Use: Scroll            |     3 |     4 ||     7
         Potion            |       |     3 ||     3
 Armour: Robe              |    15 |    20 ||    35
  Dodge: Dodged            |    60 |    71 ||   131

Table legend:
 A = Non-vault XP
 B = Vault XP
 C = Vault XP percentage of total XP
 D = Non-vault monster count
 E = Vault monster count
 F = Vault count percentage of total count
                 A         B        C        D         E       F
            +---------+---------+-------+---------+---------+-------
      Total |     222 |      16 |   6.7 |      71 |       3 |   4.1
            +---------+---------+-------+---------+---------+-------
        D:1 |      53 |       0 |   0.0 |      29 |       0 |   0.0
        D:2 |      59 |      16 |  21.3 |      20 |       3 |  13.0
        D:3 |     110 |       0 |   0.0 |      22 |       0 |   0.0
            +---------+---------+-------+---------+---------+-------
